cohdb
Replays
Latest Replays
All Replays
Popular Replays
Top Player Replays
Match Explorer
How It Works
Community
CoH3 Stats
Reddit
Sign in to upload your games and track your stats! →
Sign in with Steam
Match 25201350
Unlisted
Match 25201350
Overview
Messages
Build Orders
End
Kradschützen Motorcycle Team
Panzergrenadier Squad
250 Light Carrier
Construct Light Support Kompanie
Panzerpioneer Squad
2.5-tonne Medical Truck
Combat Half-tracks
Fire Support Elements
Panzergrenadier Squad
Flakvierling Half-track
Selects Italian Infantry
Selects Guastatori Squad
Selects L6/40 Light Tank Combat Group
Vehicle Survival Package
Pak 38 Anti-tank Gun Team
Guastatori Squad
Panzerpioneer Squad
Selects Defensive Operations
Selects Prepared Positions
MG34 Team
Construct Panzerarmee Kommand
Panzer III L Medium Tank
Armored Reserves
Walking Stuka Rocket Launcher
Tungsten Core Ammunition
Panzerpioneer Squad
Tiger Heavy Tank
Assault Grenadier Squad
Panzerpioneer Squad
MG34 Team
EZ
Magnum Avocado
Koldit
PAUG.S®
yehorr
Eber
0
0
Comments
sign in to comment!
No comments posted yet!